 Dungeon Crawl Stone Soup version 0.31-a0-263-ge8cad7f256 (webtiles) character file.

Game seed: 4776269919006037246

7 qw the Shooter (level 1, -3/16 HPs)
             Began as a Minotaur Hexslinger on July 13, 2023.
             Frozen to death by an endoplasm (5 damage)
             ... on level 1 of the Dungeon.
             The game lasted 00:00:04 (91 turns).

qw the Shooter (Minotaur Hexslinger)                  Turns: 91, Time: 00:00:04

Health: -3/16      AC:  2    Str: 12    XL:     1   Next: 83%
Magic:  1/1        EV: 12    Int: 10    God:
Gold:   0          SH:  0    Dex: 12    Spells: 1/2 levels left

rFire   . . .        a - +1 sling
rCold   . . .        (no shield)
rNeg    . . .        c - +0 robe
rPois   .            (helmet restricted)
rElec   .            (no cloak)
rCorr   .            (no gloves)
SInv    .            (no boots)
Will    .....        (no amulet)
Stlth   +            (no ring)
HPRegen 0.22/turn    (no ring)
MPRegen 0.07/turn

%: no passive effects
@: no status effects
A: horns 2, retaliatory headbutt
a: no special abilities


You were on level 1 of the Dungeon.
You visited 1 branch of the dungeon, and saw 1 of its levels.


Innate Abilities, Weirdness & Mutations

You have a pair of horns on your head.
You reflexively headbutt those who attack you in melee.


   Skills:
 - Level 1.2 Fighting
 + Level 2.9 Ranged Weapons
 - Level 2.1 Dodging
 - Level 1.0 Spellcasting
 - Level 2.0 Hexes


You had one spell level left.
You knew the following spells:

 Your Spells              Type           Power      Damage    Failure   Level
a - Slow                  Hex            16%        N/A       16%         1

Your spell library contained the following spells:

 Spells                   Type           Power      Damage    Failure   Level
 Inner Flame              Hex/Fire       2%         N/A       56%         3
 Portal Projectile        Hex/Tloc       4%         N/A       56%         3
 Cause Fear               Hex            2%         N/A       83%         4

Inventory:

Hand Weapons
 a - a +1 sling (weapon)
Armour
 c - a +0 robe (worn)
Scrolls
 b - a scroll of poison

Dungeon Overview and Level Annotations

Branches:
Dungeon (1/15)

Altars:


Message History

The giant cockroach bites you but does no damage.
The goblin misses you.
The giant cockroach bites you but does no damage.
You shoot a sling bullet. The sling bullet hits the goblin.
The goblin is heavily wounded.
A frilled lizard comes into view.
The goblin barely misses you.
The giant cockroach bites you but does no damage.
You shoot a sling bullet. The sling bullet hits the goblin.
You kill the goblin!
The giant cockroach bites you. The giant cockroach closely misses you.
You shoot a sling bullet.
The sling bullet hits the giant cockroach but does no damage.
The giant cockroach bites you.
An endoplasm comes into view.
The frilled lizard bites you.
You shoot a sling bullet.
The sling bullet hits the giant cockroach.
The giant cockroach is almost dead.
The giant cockroach barely misses you. You furiously retaliate!
You headbutt the giant cockroach!
You kill the giant cockroach!
The frilled lizard barely misses you.
You shoot a sling bullet.
The sling bullet hits the frilled lizard.
The frilled lizard is heavily wounded.
The frilled lizard bites you.
You shoot a sling bullet.
The sling bullet hits the frilled lizard!
You kill the frilled lizard!
The endoplasm barely misses you. The endoplasm misses you.
You shoot a sling bullet. The sling bullet hits the endoplasm.
The endoplasm is lightly wounded.
The endoplasm freezes you.
You are frozen.
You shoot a sling bullet. The sling bullet hits the endoplasm.
The endoplasm is almost dead.
The endoplasm freezes you.
You are frozen.
You die...

#.#########. ...
#.##...#.... ..##..
#.##.....# #.. ...
#.##....####..#..#
#.%...........#.####
###....#####.......#
#....####........
#.........#..#
#.....####@$#
###..## #.J)# .....
#..## #...... ..#.
#......... .
#.....#... ..
#......### ## ..


You could see an endoplasm.

Vanquished Creatures
  A bat (D:1)
  2 giant cockroaches (D:1)
  A goblin (D:1)
  2 frilled lizards (D:1)
6 creatures vanquished.

Notes
Turn   | Place    | Note
-------+----------+-------------------------------------------
     0 | D:1      | qw the Minotaur Hexslinger began the quest for the Orb.
     0 | D:1      | Reached XP level 1. HP: 16/16 MP: 1/1
     0 | D:1      | 0 ||| qw: Version: 0.3-a-52-g30416fa
     0 | D:1      | 0 ||| qw: Game counter: 7507
     0 | D:1      | 0 ||| qw: Melee chars always use a shield: true
     0 | D:1      | 0 ||| qw: God list: Okawaru
     0 | D:1      | 0 ||| qw: Allow faded altars: false
     0 | D:1      | 0 ||| qw: Do Orc after clearing Dungeon:15 true
     0 | D:1      | 0 ||| qw: Do second Lair branch before Depths: true
     0 | D:1      | 0 ||| qw: Lair rune preference: random
     0 | D:1      | 0 ||| qw: Goals: Normal
     0 | D:1      | 0 ||| PLANNING D:1-11
    90 | D:1      | HP: 2/16 [frozen (5)]
    91 | D:1      | Frozen to death by an endoplasm

Levels and vault maps discovered:
D:1:      minmay_arrival_cross, layout_rooms, nicolae_titane

Action                     || total
---------------------------++-------
   Fire: Sling             ||    24
 Armour: Robe              ||     8
  Dodge: Dodged            ||    14

Table legend:
 A = Non-vault XP
 B = Vault XP
 C = Vault XP percentage of total XP
 D = Non-vault monster count
 E = Vault monster count
 F = Vault count percentage of total count
                 A         B        C        D         E       F
            +---------+---------+-------+---------+---------+-------
      Total |      10 |       0 |   0.0 |       6 |       0 |   0.0
            +---------+---------+-------+---------+---------+-------
        D:1 |      10 |       0 |   0.0 |       6 |       0 |   0.0
            +---------+---------+-------+---------+---------+-------
